 Dungeon Crawl Stone Soup version 0.30-a0-632-g346586fe48 (webtiles) character file.

Game seed: 3123628977801892200

15 drugrobin the Sneak (level 2, -1/25 HPs)
             Began as a Demigod Delver on Jan 14, 2023.
             Shot with a sling bullet by a goblin (4 damage)
             ... on level 4 of the Dungeon.
             The game lasted 00:01:40 (347 turns).

drugrobin the Sneak (Demigod Delver)                 Turns: 347, Time: 00:01:40

Health: -1/25      AC:  3    Str: 13    XL:     2   Next: 21%
Magic:  4/4        EV: 11    Int: 12    God:
Gold:   11         SH:  0    Dex: 15    Spells: 1/1 levels left

rFire   . . .      SeeInvis .      - Unarmed
rCold   . . .      Faith    .    (no shield)
rNeg    . . .      Spirit   .    a - +0 leather armour
rPois   .          Reflect  .    (no helmet)
rElec   .          Harm     .    (no cloak)
rCorr   .          Rampage  .    (no gloves)
Will    .....                    (no boots)
Stlth   +++                      (no amulet)
HPRegen 0.24/turn                (no ring)
MPRegen 0.09/turn                (no ring)

@: hasted, very quick
A: high MP 1, forlorn, divine attributes
a: no special abilities


You were on level 4 of the Dungeon.
You visited 1 branch of the dungeon, and saw 2 of its levels.

You collected 11 gold pieces.

Inventory:

Armour
 a - a +0 leather armour (worn)
Wands
 f - a wand of digging (2)
Scrolls
 b - 2 scrolls of fog
 c - a scroll of magic mapping
 d - 2 scrolls of fear
 g - 2 scrolls of identify {unknown}
 h - 2 scrolls of teleportation {unknown}


   Skills:
 - Level 2.6 Fighting
 - Level 1.7 Dodging
 - Level 4.5 Stealth
 + Level 2.7 Unarmed Combat


You had one spell level left.
You didn't know any spells.
Your spell library was empty.

Dungeon Overview and Level Annotations

Branches:
Dungeon (5/15)
 Temple: D:4-7


Innate Abilities, Weirdness & Mutations

You have an increased reservoir of magic. (+10% MP)
You shall have no god before yourself.
Your divine heritage dramatically boosts your attributes as you level up.


Message History

The goblin closely misses you.
You open the door.
A goblin comes into view. It is wielding a +0 sling.
Unknown command.
The goblin shouts!
The goblin unwields a +0 sling.
The goblin misses you.
There is an open door here.
Unknown command.
Unknown command.
You hit the goblin but do no damage. The goblin hits you but does no damage.
You hit the goblin.
You kill the goblin!
You barely miss the goblin.
The goblin is severely wounded.
The goblin hits you but does no damage.
You hit the goblin.
You kill the goblin!
You miss the jackal. The jackal closely misses you.
You hit the jackal.
The jackal is moderately wounded.
You hit the jackal but do no damage.
The jackal is moderately wounded.
You hit the jackal.
You kill the jackal!
Okay, then.
Aiming: Dig
Press: ? - help, Shift-Dir - straight line A rock wall.
The rock shatters into small pieces.
The jackal bites you but does no damage.
The iguana bites you!
* * * LOW HITPOINT WARNING * * *
Unknown command.
Unknown command.
There is an open gate here.
A goblin comes into view. It is wielding a +0 sling.
Unknown command.
The goblin shoots a sling bullet.
The sling bullet hits you.
You die...

##≈≈≈..#...#.....
#≈≈####.####..##+
####≈≈#.......$..#
##.....'g.........#
#..#...'.....!....#
⌠.###
#.##...h..........#
8..###
###.##h≈≈#..........#
....#
#...##.≈≈#########..# .8
#.#.###....#@.≈≈≈.J#
#..# .#
##.#.##........≈≈≈.g+
+..#
.###.......##.##..#≈≈..#
####
.#.........#.#.#..#≈≈..#
.#.#.......#...#..#≈≈...
.#.##.##...#.$.#..# ≈≈..
.#.##.##...##.##.## ≈≈≈
.#..#.####...#...#
......# #......


You could see an endoplasm (asleep), 2 jackals and 2 goblins.

Vanquished Creatures
  An ufetubus (D:4)
  An endoplasm (D:4)
  A hobgoblin (D:4)
  A jackal (D:4)
  2 quokkas (D:5)
  A ball python (D:4)
  2 goblins (D:4)
9 creatures vanquished.

Vanquished Creatures (others)
  2 demonic plants (D:4)
2 creatures vanquished.

Grand Total: 11 creatures vanquished

Notes
Turn   | Place    | Note
-------+----------+-------------------------------------------
     0 | D:5      | drugrobin the Demigod Delver began the quest for the Orb.
     0 | D:5      | Reached XP level 1. HP: 18/18 MP: 3/3
    87 | D:5      | Noticed a jelly
   106 | D:5      | Noticed a phantom
   254 | D:4      | Noticed an iguana
   262 | D:4      | Reached XP level 2. HP: 20/25 MP: 4/4
   337 | D:4      | HP: 1/25 [iguana (7)]
   347 | D:4      | Shot with a sling bullet by a goblin

Illustrated notes

Levels and vault maps discovered:
D:4:      kennysheep_goblin_castle, layout_loops_ring, fiery_altar_vehumet,
          mainiacjoe_overflow_alcove_2, serial_shops, nicolae_stop_n_shop_1,
          nicolae_shop_hallway_stairs, nicolae_shop_bloodbath_and_beyond,
          nicolae_shop_temple_entry_statues_fountains, serial_demonic,
          serial_demonic_b, serial_demonic_d, serial_demonic_g,
          serial_demonic_a, serial_demonic_f, minmay_distorted
D:5:      layout_rooms, bloody_trog, lemuel_crystal_altar,
          minmay_temple_entry_tees, chequers_decorated_corner,
          minmay_quadrilaterals

Skill      XL: |  1 |
---------------+----+-----
Unarmed Combat | 2 |  2.7
Fighting       | |  2.6
Dodging        | |  1.7
Stealth        | |  4.5

Action                   || total
-------------------------++-------
Melee: Unarmed           ||    50
Evoke: Wand              ||     1
  Use: Potion            ||     1
Armor: Leather armour    ||    25
Dodge: Dodged            ||    31

Table legend: (Time is in decaauts)
 A = Elapsed time spent in this place.
 B = Non-inter-level travel time spent in this place.
 C = Inter-level travel time spent in this place.
 D = Time resting spent in this place.
 E = Time spent auto-exploring this place.
 F = Levels seen in this place.
 G = Mean time per level.
                   A        B        C        D        E       F      G
               +--------+--------+--------+--------+--------+-----+--------+
         Total |    336 |    336 |      0 |     64 |     81 |   2 |  168.0 |
       Dungeon |    336 |    336 |      0 |     64 |     81 |   2 |  168.0 |
               +--------+--------+--------+--------+--------+-----+--------+

Top non-repeatable levels by time:
     D:4: 210 daAuts
     D:5: 125 daAuts
